 Dungeon Sprint DCSS version 0.24-a0-592-g9a1d66b0e3 (webtiles) character file.

Game seed: 10130688676067071326, levelgen mode: deterministic

187349198 MordorOrchid the Archmage (level 24, 78/204 HPs)
             Began as an Octopode Air Elementalist on Sept 9, 2019.
             Was the Champion of Sif Muna.
             Escaped with the Orb
             ... and 17 runes!
             The game lasted 02:55:36 (9702 turns).

MordorOrchid the Archmage (OpAE)                    Turns: 9702, Time: 02:55:36

Health: 78/204     AC: 14    Str:  8    XL:     24   Next: 13%
Magic:  43/63      EV: 38    Int: 26    God:    Sif Muna [******]
Gold:   63         SH: 28    Dex: 20    Spells: 2/77 levels left

rFire    + + .     SeeInvis .   s - +3 broad axe of the Lost Allies {elec, rN+ MP+9 Stlth+}
rCold    + + .     Gourm    .   W - +4 large shield {AC+3}
rNeg     + + +     Faith    .   J - +2 hat
rPois    ∞         Spirit   .   m - amulet "Icvag" {Reflect *Drain rElec rF++ MR+ SH+2}
rElec    +         Reflect  +   V - +6 ring of dexterity
rCorr    .         Harm     .   r - +2 ring of protection
MR       +++..     NoTele   +   L - ring of protection from cold
Stlth    +++.......             O - +2 ring of slaying
HPRegen  0.44/turn              z - ring of fire
MPRegen  0.38/turn              N - ring of ice
                                u - +4 ring of evasion
                                U - ring of wizardry

@: lich-form
A: almost no armour, stealthy swim, amphibious, 8 rings, constrict 8, camouflage
1, blurry vision 1, poison resistance, inhibited regeneration, gelatinous body 1
0: Orb of Zot
}: 17/17 runes: decaying, serpentine, barnacled, slimy, elven, silver, golden,
iron, obsidian, icy, bone, abyssal, glowing, magical, fiery, dark, gossamer
a: End Transformation, Channel Magic, Forget Spell, Divine Exegesis, Renounce
Religion


You escaped.
You worshipped Sif Muna.
Sif Muna was exalted by your worship.
You were not hungry.
You were a lich.
You visited 1 branch You collected 1976 gold pieces.
You spent 1913 gold pieces at shops.

Inventory:

Hand Weapons
 a - a +5 demon blade of flaming
 q - the +8 halberd "Orif" {holy, rElec rC+ Int-3}
   (You found it in the Dungeon)

   It has been blessed by the Shining One to cause great damage to the undead
   and demons.
   It affects your intelligence (-3).
   It protects you from cold.
   It insulates you from electricity.
 s - the +3 broad axe of the Lost Allies (weapon) {elec, rN+ MP+9 Stlth+}
   (You found it in the Dungeon)

   Occasionally, upon striking a foe, it will discharge some electrical energy
   and cause terrible harm.
   It protects you from negative energy.
   It affects your magic capacity (+9).
   It makes you more stealthy.
 v - the +7 sceptre of Asmodeus
   (You took it off Asmodeus in the Dungeon)
 w - the +4 staff of Dispater
   (You took it off Dispater in the Dungeon)
 y - a +9 rapier of venom
Missiles
 n - 365 arrows
 C - 7 curare-tipped darts (quivered)
 P - 13 boomerangs
 Q - 2 throwing nets
 R - 186 bolts
 Z - 20 silver javelins
Armour
 J - a +2 hat (worn)
 W - a +4 large shield of protection (worn)
Magical Staves
 x - an uncursed staff of energy
Jewellery
 m - the amulet "Icvag" (around mantle) {Reflect *Drain rElec rF++ MR+ SH+2}
   (You found it in the Dungeon)

   [amulet of reflection]

   It shields you and reflects attacks.
   It greatly protects you from fire.
   It insulates you from electricity.
   It affects your resistance to hostile enchantments.
   It causes draining when unequipped.
   It affects your SH (+2).
 r - a +2 ring of protection (right tentacle)
 u - a +4 ring of evasion (on tentacle)
 z - a ring of fire (on tentacle)
 L - a ring of protection from cold (on tentacle)
 M - an uncursed ring of poison resistance
 N - a ring of ice (on tentacle)
 O - a +2 ring of slaying (on tentacle)
 S - the amulet "Namoguma" {Gourm MR+ Slay+3}
   (You found it in the Dungeon)

   [amulet of the gourmand]

   It allows you to eat raw meat even when not hungry.
   It affects your accuracy and damage with ranged weapons and melee attacks
   (+3).
   It affects your resistance to hostile enchantments.
 T - the amulet "Ihiothac" {Reflect rPois MR+ Dex+3 SH+4}
   (You found it in the Dungeon)

   [amulet of reflection]

   It shields you and reflects attacks.
   It affects your dexterity (+3).
   It protects you from poison.
   It affects your resistance to hostile enchantments.
   It affects your SH (+4).
 U - a ring of wizardry (on tentacle)
 V - a +6 ring of dexterity (left tentacle)
Wands
 B - a wand of digging (5)
 G - a wand of paralysis (5)
 K - a wand of polymorph (5)
Scrolls
 h - 6 scrolls of blinking
 k - 9 scrolls of remove curse
 p - 7 scrolls of fear
 t - 6 scrolls of identify
 A - 2 scrolls of fog
 D - 3 scrolls of immolation
 E - a scroll of holy word
 H - a scroll of summoning
Potions
 c - 11 potions of curing
 d - 13 potions of heal wounds
 e - 3 potions of haste
 f - 4 potions of magic
 g - 2 potions of berserk rage
 i - a potion of agility
 o - 3 potions of might
 X - 4 potions of brilliance
 Y - a potion of flight {unknown}
Miscellaneous
 j - a crystal ball of energy
 l - the horn of Geryon
 F - a lamp of fire
 I - 2 sacks of spiders
Comestibles
 b - 7 rations


   Skills:
 O Level 27 Fighting
 * Level 14.7 Throwing
 * Level 25.0 Dodging
 * Level 18.9 Stealth
 * Level 23.9 Shields
 O Level 27 Spellcasting
 O Level 27 Conjurations
 - Level 2.3 Charms
 * Level 15.3 Summonings
 O Level 27 Necromancy
 - Level 3.1 Translocations
 O Level 27 Transmutations
 O Level 27 Fire Magic
 O Level 27 Ice Magic
 - Level 12.8 Air Magic
 - Level 5.0 Earth Magic
 - Level 16.0 Invocations
 + Level 25.0 Evocations


You had 2 spell levels left.
You knew the following spells:

 Your Spells              Type           Power        Failure   Level  Hunger
a - Infestation           Necr           ########..   1%          8    N/A
d - Bolt of Fire          Conj/Fire      ########..   0%          6    N/A
e - Borgnjor's Vile Clut  Necr/Erth      ########..   1%          5    N/A
f - Lightning Bolt        Conj/Air       #######...   0%          5    N/A
j - Summon Lightning Spi  Summ/Air       #######.     1%          4    N/A
k - Regeneration          Chrm/Necr      ########..   0%          3    N/A
l - Glaciate              Conj/Ice       ########..   1%          9    N/A
n - Necromutation         Tmut/Necr      ########..   1%          8    N/A
r - Irradiate             Conj/Tmut      ########..   0%          5    N/A
s - Summon Butterflies    Summ           #######.     0%          1    N/A
w - Swiftness             Chrm/Air       ######..     1%          2    N/A
x - Blink                 Tloc           N/A          1%          2    N/A
z - Apportation           Tloc           ######       1%          1    N/A
F - Fire Storm            Conj/Fire      ########..   1%          9    N/A
S - Spellforged Servitor  Conj/Summ      #######...   1%          7    N/A

Your spell library contained the following spells:

 Spells                   Type           Power        Failure   Level  Hunger
 Animate Skeleton         Necr           N/A          0%          1    N/A
 Beastly Appendage        Tmut           ######       0%          1    N/A
 Flame Tongue             Conj/Fire      #####        0%          1    N/A
 Freeze                   Ice            ####         0%          1    N/A
 Magic Dart               Conj           ####         0%          1    N/A
 Pain                     Necr           ####         0%          1    N/A
 Shock                    Conj/Air       ####         0%          1    N/A
 Sting                    Conj/Pois      ####         0%          1    N/A
 Summon Small Mammal      Summ           ####         0%          1    N/A
 Call Imp                 Summ           #######.     0%          2    N/A
 Corpse Rot               Necr           N/A          0%          2    N/A
 Ensorcelled Hibernation  Hex/Ice        ######       0%          2    N/A
 Passwall                 Tmut/Erth      #######.     0%          2    N/A
 Searing Ray              Conj           ######       0%          2    N/A
 Sticks to Snakes         Tmut           ########     0%          2    N/A
 Sublimation of Blood     Necr           ########..   0%          2    N/A
 Throw Flame              Conj/Fire      ######       0%          2    N/A
 Throw Frost              Conj/Ice       ######       0%          2    N/A
 Confusing Touch          Hex            #####.       1%          1    N/A
 Corona                   Hex            #####..      1%          1    N/A
 Infusion                 Chrm           ####         1%          1    N/A
 Sandblast                Erth           ######       1%          1    N/A
 Poisonous Vapours        Pois/Air       ######       1%          2    N/A
 Shroud of Golubria       Chrm/Tloc      #####.       1%          2    N/A
 Slow                     Hex            #####...     1%          2    N/A
 Song of Slaying          Chrm           #####...     1%          2    N/A
 Call Canine Familiar     Summ           #######.     0%          3    N/A
 Conjure Flame            Conj/Fire      ########     0%          3    N/A
 Dazzling Spray           Conj/Hex       ######       0%          3    N/A
 Ignite Poison            Fire/Tmut/Pois ########     0%          3    N/A
 Inner Flame              Hex/Fire       ########     0%          3    N/A
 Mephitic Cloud           Conj/Pois/Air  #######.     0%          3    N/A
 Ozocubu's Armour         Chrm/Ice       ########     0%          3    N/A
 Spider Form              Tmut/Pois      #######...   0%          3    N/A
 Static Discharge         Conj/Air       #######.     0%          3    N/A
 Stone Arrow              Conj/Erth      ######       0%          3    N/A
 Vampiric Draining        Necr           ########..   0%          3    N/A
 Animate Dead             Necr           N/A          0%          4    N/A
 Force Lance              Conj/Tloc      #######.     0%          4    N/A
 Ice Form                 Ice/Tmut       ########     0%          4    N/A
 Iskenderun's Mystic Bla  Conj           ########     0%          4    N/A
 Petrify                  Tmut/Erth      #######.     0%          4    N/A
 Sticky Flame             Conj/Fire      ########     0%          4    N/A
 Summon Ice Beast         Ice/Summ       ########     0%          4    N/A
 Throw Icicle             Conj/Ice       ########     0%          4    N/A
 Agony                    Necr           ########     0%          5    N/A
 Blade Hands              Tmut           ########..   0%          5    N/A
 Bolt of Draining         Conj/Necr      ########..   0%          5    N/A
 Bolt of Magma            Conj/Fire/Erth ########..   0%          5    N/A
 Dispel Undead            Necr           ########     0%          5    N/A
 Fireball                 Conj/Fire      ########..   0%          5    N/A
 Bolt of Cold             Conj/Ice       ########..   0%          6    N/A
 Death Channel            Necr           ########..   0%          6    N/A
 Freezing Cloud           Conj/Ice/Air   ########..   0%          6    N/A
 Hydra Form               Tmut           ########..   0%          6    N/A
 Ozocubu's Refrigeration  Ice            ########..   0%          6    N/A
 Simulacrum               Ice/Necr       #########.   0%          6    N/A
 Dragon Form              Tmut           ########..   0%          7    N/A
 Orb of Destruction       Conj           ########..   0%          7    N/A
 Confuse                  Hex            #####...     1%          3    N/A
 Gell's Gravitas          Tloc           ######....   1%          3    N/A
 Lesser Beckoning         Tloc           ######....   1%          3    N/A
 Portal Projectile        Hex/Tloc       #####.       1%          3    N/A
 Recall                   Summ/Tloc      N/A          1%          3    N/A
 Spectral Weapon          Hex/Chrm       #####...     1%          3    N/A
 Summon Guardian Golem    Hex/Summ       ######..     1%          3    N/A
 Teleport Other           Tloc           ######..     1%          3    N/A
 Tukima's Dance           Hex            #####...     1%          3    N/A
 Airstrike                Air            #######...   1%          4    N/A
 Fulminant Prism          Conj/Hex       #######...   1%          4    N/A
 Leda's Liquefaction      Hex/Erth       #####.....   1%          4    N/A
 Alistair's Intoxication  Tmut/Pois      #######.     1%          5    N/A
 Aura of Abjuration       Summ           #######...   1%          5    N/A
 Excruciating Wounds      Chrm/Necr      ########..   1%          5    N/A
 Iskenderun's Battlesphe  Conj/Chrm      #######.     1%          5    N/A
 Lee's Rapid Deconstruct  Erth           ######....   1%          5    N/A
 Metabolic Englaciation   Hex/Ice        ########..   1%          5    N/A
 Silence                  Hex/Air        ######....   1%          5    N/A
 Summon Demon             Summ           #######...   1%          5    N/A
 Summon Forest            Summ/Tloc      ######....   1%          5    N/A
 Summon Mana Viper        Hex/Summ       ######..     1%          5    N/A
 Venom Bolt               Conj/Pois      #######...   1%          5    N/A
 Yara's Violent Unravell  Hex/Tmut       #######...   1%          5    N/A
 Conjure Ball Lightning   Conj/Air       #######...   1%          6    N/A
 Iron Shot                Conj/Erth      #######...   1%          6    N/A
 Poison Arrow             Conj/Pois      #######...   1%          6    N/A
 Shadow Creatures         Summ           N/A          1%          6    N/A
 Statue Form              Tmut/Erth      #######..    1%          6    N/A
 Haunt                    Necr/Summ      ########..   1%          7    N/A
 Monstrous Menagerie      Summ           #######...   1%          7    N/A
 Ring of Flames           Chrm/Fire      ########..   1%          7    N/A
 Summon Greater Demon     Summ           #######...   1%          7    N/A
 Summon Hydra             Summ           #######...   1%          7    N/A
 Borgnjor's Revivificati  Necr           ########..   1%          8    N/A
 Chain Lightning          Conj/Air       #######...   1%          8    N/A
 Ignition                 Fire           ########..   1%          8    N/A
 Deflect Missiles         Chrm/Air       ######....   2%          6    N/A
 Cause Fear               Hex            #####.....   3%          4    N/A
 Olgreb's Toxic Radiance  Pois           #####...     3%          4    N/A
 Lehudib's Crystal Spear  Conj/Erth      #######...   3%          8    N/A
 Summon Horrible Things   Summ           #######...   4%          8    N/A
 Death's Door             Chrm/Necr      ########..   6%          8    N/A
 Malign Gateway           Summ/Tloc      ######....   8%          7    N/A
 Dispersal                Tloc           ######....   16%         6    N/A
 Darkness                 Hex            #####.....   45%         6    N/A
 Invisibility             Hex            #####...     45%         6    N/A
 Dragon's Call            Summ           #######...   52%         9    N/A
 Tornado                  Air            #######...   86%         9    N/A
 Controlled Blink         Tloc           N/A          99%         8    N/A
 Disjunction              Tloc           ######....   99%         8    N/A
 Discord                  Hex            #####.....   100%        8    N/A
 Shatter                  Erth           ######....   100%        9    N/A
 Passage of Golubria      Tloc           Unusable     N/A         4    N/A

Dungeon Overview and Level Annotations

Branches:
Dungeon (1/1)

Altars:
Cheibriados
Dithmenos
Elyvilon
Fedhas
Gozag
Hepliaklqana
Kikubaaqudgha
Makhleb
Nemelex Xobeh
Okawaru
Qazlal
Ru
Sif Muna
Trog
Uskayaw
Vehumet
Wu Jian
Xom
Yredelemnul
Zin
The Shining One
Beogh
Jiyva
Lugonu

Shops:
D ??}*


Innate Abilities, Weirdness & Mutations

You cannot wear most types of armour.
You are very stealthy in the water. (Stealth+)
You are amphibious.
You can wear up to eight rings at the same time.
You can use your tentacles to constrict eight enemies at once.
Your skin changes colour to match your surroundings (Stealth+).
Your rubbery body absorbs attacks. (AC +1, EV +1)
Scrolls take you a little longer to read.
Your system is resistant to poisons. (rPois)
You do not regenerate when monsters are visible.


Message History

You hear a sizzling sound!
You constrict the sun demon shaped block of ice, but do no damage.
Unknown command.
Casting: Fire Storm (safe; 1% risk of failure)
Confirm with . or Enter, or press ? or * to list all spells.
Your body is suffused with negative energy!
You constrict the sun demon shaped block of ice.
You destroy the sun demon shaped block of ice!
Unknown command.
Really walk into that cloud of freezing vapour?
You are engulfed in freezing vapours.
You resist.
Things that are here:
a +0 trident; a stone You see here a +0 demon whip.
There is an open door to the Dungeon here.
You see here a +0 trident.
You see here a stone.
There is a staircase leading out of the dungeon here.
You can't go down here!
You have escaped!

▓.▓.▓.▓.▓.▓.▓.▓.▓.
▓.▓.▓+▓.▓.▓.▓.▓.▓.
▓)▓.▓.▓.▓.▓.▓.▓.▓.
▓)▓.▓.▓.▓.▓.▓.▓.▓.
▓)▓.▓.▓.▓.▓.▓.▓.▓.
▓(▓.▓.▓.▓.▓.▓.▓.▓.
▓.▓.▓.▓.▓.▓.▓.▓.▓.
▓.▓.▓.▓.▓.▓.▓.▓.▓.
▓L▓...▓...▓...▓...
▓▓▓▓▓▓▓▓▓▓▓▓▓▓▓▓▓▓


There were no monsters in sight!

Vanquished Creatures
  Cerebov (D)
  Antaeus (D)
  the Royal Jelly (D)
  Asmodeus (D)
  Gloorx Vloq (D)
  Mnoleg (D)
  Dispater (D)
  5 orbs of fire (D)
  6 ancient liches (D)
  Mennas (D)
  Mara (D)
  4 greater mummies (D)
  Boris (D)
  Margery (D)
  A curse toe (D)
  Xtahua (D)
  Geryon (D)
  2 golden dragons (D)
  Jory (D)
  A Tzitzimitl (D)
  2 electric golems (D)
  5 pandemonium lords (D)
  5 liches (D)
  3 tentacled monstrosities (D)
  3 deep elf blademasters (D)
  33 Orb Guardians (D)
  3 quicksilver dragons (D)
  6 deep elf master archers (D)
  Agnes (D)
  13 acid blobs (D)
  A death cob (D)
  An Executioner (D)
  A titan (D)
  11 sphinxes (D)
  A draconian monk (D)
  A tengu reaver (D)
  Gastronok (D)
  2 storm dragons (D)
  7 shadow dragons (D)
  4 nagarajas (D)
  13 azure jellies (D)
  A fire giant (D)
  A frost giant (D)
  A vault warden (D)
  Louise (D)
  A balrug (D)
  6 ghost moths (D)
  5 ironheart preservers (D)
  A draconian annihilator (D)
  4 emperor scorpions (D)
  A cacodemon (D)
  A draconian stormcaller (D)
  2 reapers (D)
  2 stone giants (D)
  3 very ugly things (D)
  4 entropy weavers (D)
  4 green draconians (D)
  A lorocyproca (D)
  3 purple draconians (D)
  A black sun (D)
  2 deep elf annihilators (D)
  3 black draconians (D)
  Azrael (D)
  4 vampire knights (D)
  4 yellow draconians (D)
  5 red draconians (D)
  Snorg (D)
  A merfolk javelineer (D)
  A blizzard demon (D)
  A deep elf death mage (D)
  3 ettins (D)
  5 merfolk impalers (D)
  5 mummy priests (D)
  9 death oozes (D)
  2 deep elf high priests (D)
  Erolcha (D)
  3 fire dragons (D)
  A yaktaur captain (D)
  2 ogre magi (D)
  3 great orbs of eyes (D)
  2 merfolk avatars (D)
  A rakshasa (D)
  An anaconda (D)
  20 vault guards (D)
  3 ice dragons (D)
  8 hydras (D)
  2 monstrous demonspawn (D)
  3 spriggan air magi (D)
  2 merfolk aquamancers (D)
  4 centaur warriors (D)
  A hell beast (D)
  2 naga warriors (D)
  An alligator (D)
  A vampire mage (D)
  A deep troll shaman (D)
  2 spriggan berserkers (D)
  2 tengu warriors (D)
  An orc high priest (D)
  A shock serpent (D)
  2 soul eaters (D)
  A deep elf knight (D)
  4 hell knights (D)
  4 shadow wraiths (D)
  A sun demon (D)
  An unseen horror (D)
  6 swamp dragons (D)
  A spriggan druid (D)
  A deep elf archer (D)
  A gelid demonspawn (D)
  A shadow demon (D)
  2 sea snakes (D)
  2 infernal demonspawn (D)
  9 orc knights (D)
  A necromancer (D)
  A harpy (D)
  2 ugly things (D)
  A deep elf mage (D)
  4 wolf spiders (D)
  12 moths of wrath (D)
  A rust devil (D)
  2 black mambas (D)
  2 guardian serpents (D)
  7 naga magi (D)
  5 vault sentinels (D)
  A water nymph (D)
  2 smoke demons (D)
  5 spiny frogs (D)
  2 orange demons (D)
  A rime drake (shapeshifter) (D)
  A komodo dragon (D)
  3 tormentors (D)
  2 demonic crawlers (D)
  3 yaktaurs (D)
  A hellion (D)
  An efreet (D)
  An ancient zyme (D)
  A wandering mushroom (D)
  17 guardian mummies (D)
  2 red devils (D)
  A tengu conjurer (D)
  A troll (D)
  3 merfolk (D)
  2 jumping spiders (D)
  5 polar bears (D)
  A tyrant leech (D)
  3 hornets (D)
  A raiju (D)
  2 slime creatures (D)
  A dream sheep (shapeshifter) (D)
  3 snapping turtles (D)
  3 redbacks (D)
  A ynoxinul (D)
  6 spriggans (D)
  A fire elemental (D)
  4 golden eyes (D)
  2 neqoxecs (D)
  A vampire mosquito (D)
  3 nagas (D)
  3 water moccasins (D)
  A porcupine (D)
  5 hell hounds (D)
  3 swamp drakes (D)
  3 black bears (D)
  An eye of draining (D)
  13 orc warriors (D)
  A sky beast (D)
  An ice beast (D)
  A boggart (D)
  An ogre (D)
  2 crocodiles (D)
  2 bullfrogs (D)
  2 small abominations (D)
  A wight (D)
  2 crimson imps (D)
  A quasit (D)
  2 orc wizards (D)
  4 orc priests (D)
  3 worker ants (D)
  3 white imps (D)
  An ufetubus (D)
  An ooze (D)
  9 ball lightnings (D)
  10 orcs (D)
  2 bat skeletons (D)
  A bat (D)
  2 kobolds (D)
  A rat (D)
  8 blocks of ice (D)
  2 crawling corpses (D)
  6 fire vortices (D)
567 creatures vanquished.

Vanquished Creatures (collateral kills)
  Lom Lobon (D)
  2 greater mummies (D)
  An Orb Guardian (D)
  A sphinx (D)
  A shadow dragon (D)
  Ilsuiw (D)
  2 ironheart preservers (D)
  2 yellow draconians (D)
  A white draconian (D)
  A red draconian (D)
  An ettin (D)
  A fire dragon (D)
  A great orb of eyes (D)
  An ice dragon (D)
  5 vault guards (D)
  A centaur warrior (D)
  A tengu warrior (D)
  Sonja (D)
  A lindwurm (D)
  2 ironbrand convokers (D)
  2 orc knights (D)
  A moth of wrath (D)
  2 vault sentinels (D)
  A yaktaur (D)
  A merfolk (D)
  5 spriggans (D)
  A yak (D)
  A golden eye (D)
  A swamp worm (shapeshifter) (D)
  A porcupine (D)
  An orc warrior (D)
  A crocodile (D)
  A ball lightning (D)
  A block of ice (D)
48 creatures vanquished.

Vanquished Creatures (others)
  Ereshkigal (D)
  A draconian knight (D)
  23 blocks of ice (D)
  58 fire vortices (D)
83 creatures vanquished.

Grand Total: 698 creatures vanquished

Notes
Turn   | Place    | Note
-------+----------+-------------------------------------------
     0 | D        | MordorOrchid the Octopode Air Elementalist began the quest
                  | for the Orb.
     0 | D        | Reached XP level 1. HP: 11/11 MP: 3/3
     4 | D        | Reached skill level 1 in Fighting
    38 | D        | Reached XP level 2. HP: 20/20 MP: 0/5
    87 | D        | Learned a level 2 spell: Swiftness
    97 | D        | Reached XP level 3. HP: 19/26 MP: 0/6
   101 | D        | Reached XP level 4. HP: 11/32 MP: 0/8
   113 | D        | Found a roughly hewn altar of Beogh.
   113 | D        | Found a snail-covered altar of Cheibriados.
   113 | D        | Found a shadowy altar of Dithmenos.
   113 | D        | Found a white marble altar of Elyvilon.
   113 | D        | Found a blossoming altar of Fedhas.
   113 | D        | Found an opulent altar of Gozag.
   114 | D        | Found a hazy altar of Hepliaklqana.
   115 | D        | Found a viscous altar of Jiyva.
   116 | D        | Found an ancient bone altar of Kikubaaqudgha.
   117 | D        | Found a corrupted altar of Lugonu.
   118 | D        | Found a burning altar of Makhleb.
   119 | D        | Found a sparkling altar of Nemelex Xobeh.
   120 | D        | Found an iron altar of Okawaru.
   121 | D        | Found a stormy altar of Qazlal.
   122 | D        | Found a sacrificial altar of Ru.
   123 | D        | Found a shimmering blue altar of Sif Muna.
   124 | D        | Found a bloodstained altar of Trog.
   125 | D        | Found a hide-covered altar of Uskayaw.
   126 | D        | Found a radiant altar of Vehumet.
   127 | D        | Found an ornate altar of the Wu Jian Council.
   128 | D        | Found a shimmering altar of Xom.
   129 | D        | Found a basalt altar of Yredelemnul.
   130 | D        | Found a glowing silver altar of Zin.
   131 | D        | Became a worshipper of Sif Muna the Loreminder
   132 | D        | Found a glowing golden altar of the Shining One.
   306 | D        | Noticed an ice beast
   306 | D        | Noticed a bullfrog
   306 | D        | Noticed an ogre
   306 | D        | Noticed a sky beast
   311 | D        | Reached skill level 5 in Air Magic
   311 | D        | Reached skill level 1 in Invocations
   311 | D        | Reached skill level 1 in Evocations
   315 | D        | Killed a sky beast
   315 | D        | Reached XP level 5. HP: 23/38 MP: 7/11
   319 | D        | Killed an ogre
   319 | D        | Reached * piety under Sif Muna
   319 | D        | Reached skill level 5 in Fighting
   319 | D        | Reached skill level 5 in Spellcasting
   319 | D        | Reached XP level 6. HP: 28/45 MP: 8/13
   324 | D        | Reached skill level 5 in Dodging
   329 | D        | Killed an ice beast
   329 | D        | Reached ** piety under Sif Muna
   329 | D        | Reached skill level 5 in Conjurations
   329 | D        | Reached skill level 5 in Evocations
   342 | D        | Learned a level 5 spell: Lightning Bolt
   347 | D        | Learned a level 4 spell: Airstrike
   412 | D        | Noticed a troll
   412 | D        | Noticed a hornet
   412 | D        | Noticed a purple ugly thing
   412 | D        | Noticed a centaur warrior
   416 | D        | Killed a centaur warrior
   416 | D        | Reached XP level 7. HP: 31/50 MP: 15/18
   416 | D        | Reached XP level 8. HP: 34/55 MP: 16/20
   418 | D        | Killed a hornet
   418 | D        | Reached *** piety under Sif Muna
   419 | D        | Killed a purple ugly thing
   419 | D        | Reached XP level 9. HP: 19/61 MP: 1/22
   430 | D        | Killed a troll
   430 | D        | Reached skill level 10 in Air Magic
   621 | D        | Noticed a spiny frog
   621 | D        | Noticed a spiny frog
   621 | D        | Noticed a komodo dragon
   622 | D        | Noticed a six-headed hydra
   622 | D        | Reached skill level 10 in Spellcasting
   624 | D        | Killed a komodo dragon
   625 | D        | Noticed a spiny frog
   626 | D        | Killed a spiny frog
   626 | D        | Reached **** piety under Sif Muna
   627 | D        | Killed a six-headed hydra
   627 | D        | Reached XP level 10. HP: 66/66 MP: 3/25
   709 | D        | Killed a spiny frog
   709 | D        | Reached ***** piety under Sif Muna
   711 | D        | Killed a spiny frog
   711 | D        | Received a gift from Sif Muna
   711 | D        | Reached skill level 10 in Conjurations
   760 | D        | Learned a level 4 spell: Summon Lightning Spire
   761 | D        | Noticed a four-headed hydra
   761 | D        | Noticed a seven-headed hydra
   764 | D        | Killed a four-headed hydra
   764 | D        | Reached skill level 5 in Invocations
   765 | D        | Killed a seven-headed hydra
   766 | D        | Reached skill level 10 in Dodging
   769 | D        | Noticed a lindwurm
   776 | D        | Killed a lindwurm
   776 | D        | Identified Sif Muna's Collected Works on Virous Companions
                  | (Sif Muna gifted it to you in the Dungeon)
   776 | D        | Received a gift from Sif Muna
   811 | D        | Reached XP level 11. HP: 74/74 MP: 19/27
   864 | D        | Noticed Sonja
   868 | D        | Learned a level 1 spell: Summon Butterflies
   872 | D        | Killed Sonja
   872 | D        | Identified Sif Muna's Collected Works on Shifting Calling
                  | (Sif Muna gifted it to you in the Dungeon)
   872 | D        | Received a gift from Sif Muna
   990 | D        | Identified Sif Muna's Collected Works on the Birds and Cold
                  | (Sif Muna gifted it to you in the Dungeon)
   990 | D        | Received a gift from Sif Muna
  1004 | D        | Learned a level 3 spell: Mephitic Cloud
  1042 | D        | Learned a level 6 spell: Bolt of Cold
  1080 | D        | Noticed an orc knight
  1080 | D        | Noticed an orc high priest
  1083 | D        | Reached skill level 1 in Throwing
  1090 | D        | Killed an orc high priest
  1090 | D        | Reached skill level 1 in Ice Magic
  1095 | D        | Killed an orc knight
  1095 | D        | Identified Rejoko's Almanac of Air and Fire (Sif Muna
                  | gifted it to you in the Dungeon)
  1095 | D        | Received a gift from Sif Muna
  1152 | D        | Learned a level 3 spell: Conjure Flame
  1214 | D        | Found Jeshakhlaote's Assorted Antiques.
  1214 | D        | Noticed an orc knight
  1214 | D        | Noticed an orc knight
  1214 | D        | Noticed an orc knight
  1214 | D        | Noticed an orc knight
  1219 | D        | Killed an orc knight
  1219 | D        | Reached skill level 1 in Fire Magic
  1224 | D        | Killed an orc knight
  1224 | D        | Received a gift from Sif Muna
  1225 | D        | Noticed an orc knight
  1228 | D        | Killed an orc knight
  1228 | D        | Noticed an orc knight
  1230 | D        | Killed an orc knight
  1239 | D        | Killed an orc knight
  1239 | D        | Reached ****** piety under Sif Muna
  1245 | D        | Killed an orc knight
  1245 | D        | Reached XP level 12. HP: 44/82 MP: 12/28
  1269 | D        | Found Kiulelapt's Gadget Shop.
  1277 | D        | Found Labraneg's Magic Scroll Boutique.
  1285 | D        | Found Dishreplao's Magic Scroll Shop.
  1296 | D        | Identified Xufuhole's Incunabulum of Doomed Attacks (Sif
                  | Muna gifted it to you in the Dungeon)
  1296 | D        | Received a gift from Sif Muna
  1301 | D        | Bought a scroll of immolation for 49 gold pieces
  1301 | D        | Bought a scroll of random uselessness for 14 gold pieces
  1322 | D        | Bought a scroll of blinking for 75 gold pieces
  1322 | D        | Bought a scroll of immolation for 35 gold pieces
  1322 | D        | Bought a scroll of holy word for 75 gold pieces
  1324 | D        | Bought a scroll of blinking for 105 gold pieces
  1324 | D        | Bought a scroll of fog for 28 gold pieces
  1326 | D        | Bought a lamp of fire for 440 gold pieces
  1328 | D        | Bought a long ivory wand for 92 gold pieces
  1328 | D        | Bought a leatherbound book for 345 gold pieces
  1332 | D        | Learned a level 3 spell: Regeneration
  1336 | D        | Bought a scroll of summoning for 133 gold pieces
  1338 | D        | Bought a sack of spiders for 220 gold pieces
  1340 | D        | Bought a potion of magic for 184 gold pieces
  1344 | D        | Bought a scroll of remove curse for 42 gold pieces
  1344 | D        | Bought a scroll of identify for 28 gold pieces
  1344 | D        | Bought a scroll of identify for 28 gold pieces
  1346 | D        | Bought a scroll of identify for 20 gold pieces
  1398 | D        | Noticed Gastronok
  1411 | D        | Killed Gastronok
  1411 | D        | Reached skill level 1 in Charms
  1411 | D        | Reached skill level 1 in Necromancy
  1411 | D        | Reached skill level 5 in Ice Magic
  1441 | D        | Noticed Erolcha
  1447 | D        | Killed Erolcha
  1503 | D        | Got the cursed +0 morningstar "Huah" {drain, rF- rN+ Int+5}
  1539 | D        | Noticed an ogre mage
  1546 | D        | Killed an ogre mage
  1546 | D        | Identified Baudony's Reference Book on Bewitchment and
                  | Talismans (Sif Muna gifted it to you in the Dungeon)
  1546 | D        | Received a gift from Sif Muna
  1553 | D        | Noticed a vampire mage
  1555 | D        | Killed a vampire mage
  1555 | D        | Noticed a fire dragon
  1560 | D        | Killed a fire dragon
  1568 | D        | Noticed an ice dragon
  1573 | D        | Noticed a fire giant
  1573 | D        | Killed an ice dragon
  1575 | D        | Noticed a tengu warrior
  1579 | D        | Killed a tengu warrior
  1579 | D        | Received a gift from Sif Muna
  1579 | D        | Noticed a tengu warrior
  1583 | D        | Killed a fire giant
  1585 | D        | Killed a tengu warrior
  1645 | D        | Learned a level 5 spell: Borgnjor's Vile Clutch
  1681 | D        | Noticed Agnes
  1687 | D        | Killed Agnes
  1687 | D        | Reached skill level 15 in Spellcasting
  1687 | D        | Reached skill level 15 in Conjurations
  1687 | D        | Reached skill level 1 in Earth Magic
  1687 | D        | Reached XP level 13. HP: 88/88 MP: 4/32
  1776 | D        | Received a gift from Sif Muna
  1777 | D        | Reached skill level 5 in Necromancy
  1858 | D        | Learned a level 2 spell: Blink
  1862 | D        | Identified Sif Muna's Reference Book on Fire and Companions
                  | (Sif Muna gifted it to you in the Dungeon)
  1862 | D        | Received a gift from Sif Muna
  1863 | D        | Reached skill level 1 in Translocations
  1915 | D        | Noticed an entropy weaver
  1917 | D        | Identified Sif Muna's Reference Book on Arcane Weapons and
                  | Changing (Sif Muna gifted it to you in the Dungeon)
  1917 | D        | Received a gift from Sif Muna
  1918 | D        | Noticed an entropy weaver
  1921 | D        | Killed a ghost moth
  1921 | D        | Reached skill level 10 in Invocations
  1921 | D        | Killed an entropy weaver
  1926 | D        | Killed an entropy weaver
  1926 | D        | Reached skill level 5 in Earth Magic
  1930 | D        | Identified Itim's Reference Book on Frigorific Combat Magic
                  | (Sif Muna gifted it to you in the Dungeon)
  1930 | D        | Received a gift from Sif Muna
  1932 | D        | Noticed an entropy weaver
  1945 | D        | Killed an entropy weaver
  2013 | D        | Learned a level 6 spell: Bolt of Fire
  2018 | D        | Noticed a white very ugly thing
  2019 | D        | Reached skill level 5 in Fire Magic
  2021 | D        | Killed a white very ugly thing
  2021 | D        | Identified Sif Muna's Papyrus of Confrontation (Sif Muna
                  | gifted it to you in the Dungeon)
  2021 | D        | Received a gift from Sif Muna
  2021 | D        | Reached skill level 10 in Ice Magic
  2026 | D        | Reached XP level 14. HP: 97/97 MP: 15/34
  2117 | D        | Noticed Snorg
  2126 | D        | Killed Snorg
  2169 | D        | Noticed Azrael
  2172 | D        | Killed Azrael
  2172 | D        | Identified Sif Muna's Tome of Frigorific Confrontation (Sif
                  | Muna gifted it to you in the Dungeon)
  2172 | D        | Received a gift from Sif Muna
  2172 | D        | Reached skill level 10 in Fighting
  2277 | D        | Noticed a purple very ugly thing
  2280 | D        | Identified Sif Muna's Guide on the Boosting Frostbite (Sif
                  | Muna gifted it to you in the Dungeon)
  2280 | D        | Received a gift from Sif Muna
  2282 | D        | Killed a purple very ugly thing
  2309 | D        | Noticed a frost giant
  2315 | D        | Killed a frost giant
  2316 | D        | Received a gift from Sif Muna
  2409 | D        | Reached skill level 10 in Fire Magic
  2473 | D        | Noticed an ironheart preserver
  2476 | D        | Noticed a white very ugly thing
  2476 | D        | Killed an ironheart preserver
  2476 | D        | Identified Sif Muna's Volume of Moulding and the Escort
                  | (Sif Muna gifted it to you in the Dungeon)
  2476 | D        | Received a gift from Sif Muna
  2479 | D        | Noticed an ironheart preserver
  2483 | D        | Killed a white very ugly thing
  2485 | D        | Killed an ironheart preserver
  2558 | D        | Identified Sif Muna's Volume of Glacial Arcane Weapons (Sif
                  | Muna gifted it to you in the Dungeon)
  2558 | D        | Received a gift from Sif Muna
  2558 | D        | Reached skill level 15 in Dodging
  2587 | D        | Noticed a vault warden
  2597 | D        | Killed a vault warden
  2597 | D        | Reached XP level 15. HP: 68/103 MP: 3/38
  2642 | D        | Received a gift from Sif Muna
  2853 | D        | Got the +3 broad axe of the Lost Allies {elec, rN+ MP+9
                  | Stlth+}
  2955 | D        | Noticed Xtahua
  2959 | D        | Noticed Boris
  2965 | D        | Killed Xtahua
  2981 | D        | Killed Boris
  2981 | D        | Reached skill level 15 in Ice Magic
  3124 | D        | Identified Sif Muna's Grimoire of Dusty Calling (Sif Muna
                  | gifted it to you in the Dungeon)
  3124 | D        | Received a gift from Sif Muna
  3126 | D        | Noticed Ilsuiw
  3134 | D        | Killed Ilsuiw
  3138 | D        | Identified Sif Muna's Compendium of Combat Magic (Sif Muna
                  | gifted it to you in the Dungeon)
  3138 | D        | Received a gift from Sif Muna
  3262 | D        | Got a barnacled rune of Zot
  3288 | D        | Received a gift from Sif Muna
  3307 | D        | Identified Sif Muna's Tome of Ashen Talismans (Sif Muna
                  | gifted it to you in the Dungeon)
  3307 | D        | Received a gift from Sif Muna
  3352 | D        | Got a decaying rune of Zot
  3376 | D        | Learned a level 5 spell: Irradiate
  3379 | D        | Noticed an emperor scorpion
  3379 | D        | Noticed an emperor scorpion
  3381 | D        | Reached skill level 1 in Transmutations
  3385 | D        | Killed a ghost moth
  3387 | D        | Killed an emperor scorpion
  3388 | D        | Killed a ghost moth
  3389 | D        | Killed an emperor scorpion
  3389 | D        | Reached XP level 16. HP: 89/109 MP: 0/40
  3390 | D        | Identified Igirihe's Collected Works on the Entourage (Sif
                  | Muna gifted it to you in the Dungeon)
  3390 | D        | Received a gift from Sif Muna
  3436 | D        | Reached skill level 5 in Transmutations
  3449 | D        | Got a gossamer rune of Zot
  3555 | D        | Identified Sif Muna's Collected Works on Cold (Sif Muna
                  | gifted it to you in the Dungeon)
  3555 | D        | Received a gift from Sif Muna
  3555 | D        | Noticed a nagaraja
  3561 | D        | Noticed a nagaraja
  3562 | D        | Killed a nagaraja
  3569 | D        | Killed a nagaraja
  3572 | D        | Noticed a nagaraja
  3574 | D        | Noticed a nagaraja
  3578 | D        | Killed a nagaraja
  3579 | D        | Killed a nagaraja
  3579 | D        | Identified Sif Muna's Reference Book on Mutagenic Battle
                  | Magic (Sif Muna gifted it to you in the Dungeon)
  3579 | D        | Received a gift from Sif Muna
  3592 | D        | Got a serpentine rune of Zot
  3629 | D        | Noticed Louise
  3637 | D        | Killed Louise
  3718 | D        | Noticed Jory
  3736 | D        | Killed Jory
  3794 | D        | Identified Coly's Catalogue of Earth and Attacks (Sif Muna
                  | gifted it to you in the Dungeon)
  3794 | D        | Received a gift from Sif Muna
  3818 | D        | Identified Sif Muna's Papyrus of Blows and Bruises and
                  | Black Magic (Sif Muna gifted it to you in the Dungeon)
  3818 | D        | Received a gift from Sif Muna
  3933 | D        | Received a gift from Sif Muna
  3993 | D        | Identified Nueraekh's Papyrus of Destructive Calling (Sif
                  | Muna gifted it to you in the Dungeon)
  3993 | D        | Received a gift from Sif Muna
  4002 | D        | Reached XP level 17. HP: 115/115 MP: 21/42
  4013 | D        | Identified Naegiduz's Papyrus of the Congealing Mountains
                  | (Sif Muna gifted it to you in the Dungeon)
  4013 | D        | Received a gift from Sif Muna
  4021 | D        | Identified Sif Muna's Volume of the Mutagenic Glacier (Sif
                  | Muna gifted it to you in the Dungeon)
  4021 | D        | Received a gift from Sif Muna
  4112 | D        | Noticed a quicksilver dragon
  4116 | D        | Noticed a titan
  4117 | D        | Killed a quicksilver dragon
  4119 | D        | Received a gift from Sif Muna
  4119 | D        | Killed a titan
  4134 | D        | Noticed a quicksilver dragon
  4143 | D        | Killed a quicksilver dragon
  4186 | D        | Got an encrusted halberd
  4187 | D        | Identified the +8 halberd "Orif" {holy, rElec rC+ Int-3}
                  | (You found it in the Dungeon)
  4192 | D        | Got a silver rune of Zot
  4204 | D        | Noticed Mara
  4242 | D        | Learned a level 9 spell: Glaciate
  4248 | D        | Killed Mara
  4370 | D        | Got the amulet of Ogi Gae {Reflect +Fly rElec SH+3}
  4374 | D        | Got the amulet "Icvag" {Reflect *Drain rElec rF++ MR+ SH+2}
  4376 | D        | Got the amulet "Ihiothac" {Reflect rPois MR+ Dex+3 SH+4}
  4380 | D        | Got the amulet "Namoguma" {Gourm MR+ Slay+3}
  4455 | D        | Noticed Mennas
  4461 | D        | Killed Mennas
  4552 | D        | Noticed Margery
  4556 | D        | Identified Sif Muna's Incunabulum of Mutagenic
                  | Confrontation (Sif Muna gifted it to you in the Dungeon)
  4556 | D        | Received a gift from Sif Muna
  4556 | D        | Reached skill level 5 in Shields
  4556 | D        | Killed Margery
  4688 | D        | Received a gift from Sif Muna
  4688 | D        | Reached skill level 10 in Shields
  4754 | D        | Reached skill level 15 in Fire Magic
  4756 | D        | Received a gift from Sif Muna
  4756 | D        | Reached XP level 18. HP: 99/120 MP: 44/45
  4770 | D        | Received a gift from Sif Muna
  4861 | D        | Noticed a tentacled monstrosity
  4865 | D        | Identified Sif Muna's Papyrus of Creative Changing (Sif
                  | Muna gifted it to you in the Dungeon)
  4865 | D        | Received a gift from Sif Muna
  4865 | D        | Reached skill level 15 in Shields
  4866 | D        | Killed a tentacled monstrosity
  4872 | D        | Received a gift from Sif Muna
  4929 | D        | Noticed a tentacled monstrosity
  4935 | D        | Killed a tentacled monstrosity
  4939 | D        | Received a gift from Sif Muna
  4991 | D        | Learned a level 9 spell: Fire Storm
  5024 | D        | Noticed a quicksilver dragon
  5028 | D        | Killed a quicksilver dragon
  5028 | D        | Received a gift from Sif Muna
  5192 | D        | Noticed an Orb Guardian
  5192 | D        | Noticed an Orb Guardian
  5192 | D        | Noticed an Orb Guardian
  5192 | D        | Noticed an Orb Guardian
  5192 | D        | Noticed an Orb Guardian
  5192 | D        | Noticed an Orb Guardian
  5194 | D        | Killed an Orb Guardian
  5194 | D        | Killed an Orb Guardian
  5194 | D        | Received a gift from Sif Muna
  5195 | D        | Killed an Orb Guardian
  5195 | D        | Noticed an Orb Guardian
  5196 | D        | Killed an Orb Guardian
  5196 | D        | Killed an Orb Guardian
  5197 | D        | Noticed an Orb Guardian
  5198 | D        | Killed an Orb Guardian
  5200 | D        | Noticed an Orb Guardian
  5202 | D        | Killed an Orb Guardian
  5202 | D        | Reached skill level 27 in Spellcasting
  5202 | D        | Reached XP level 19. HP: 58/126 MP: 29/50
  5209 | D        | Identified Sif Muna's Almanac of Ensnaring Confrontation
                  | (Sif Muna gifted it to you in the Dungeon)
  5209 | D        | Received a gift from Sif Muna
  5268 | D        | Noticed a curse toe
  5268 | D        | Noticed a golden dragon
  5275 | D        | Killed a golden dragon
  5278 | D        | Identified Astaek's Reference Book on Creative Stolen Souls
                  | (Sif Muna gifted it to you in the Dungeon)
  5278 | D        | Received a gift from Sif Muna
  5283 | D        | Killed a curse toe
  5352 | D        | Noticed an ancient lich
  5355 | D        | Killed an ancient lich
  5364 | D        | Noticed an orb of fire
  5364 | D        | Gained mutation: Scrolls take you a little longer to read.
                  | [an orb of fire]
  5365 | D        | Gained mutation: Your magical capacity is low. (-10% MP)
                  | [an orb of fire]
  5365 | D        | Noticed an electric golem
  5367 | D        | Killed an orb of fire
  5367 | D        | Killed an electric golem
  5368 | D        | Lost mutation: Scrolls take you a little longer to read.
                  | [potion of mutation]
  5368 | D        | Lost mutation: Your magical capacity is low. (-10% MP)
                  | [potion of mutation]
  5368 | D        | Gained mutation: Scrolls take you a little longer to read.
                  | [potion of mutation]
  5368 | D        | Gained mutation: Your system is resistant to poisons.
                  | (rPois) [potion of mutation]
  5381 | D        | Noticed an orb of fire
  5381 | D        | Noticed an electric golem
  5381 | D        | Noticed an orb of fire
  5384 | D        | Noticed an orb of fire
  5384 | D        | Gained mutation: You do not regenerate when monsters are
                  | visible. [an orb of fire]
  5385 | D        | Killed an orb of fire
  5385 | D        | Identified Sif Muna's Guide on Excruciating Malediction
                  | (Sif Muna gifted it to you in the Dungeon)
  5385 | D        | Received a gift from Sif Muna
  5386 | D        | Killed an orb of fire
  5386 | D        | Reached skill level 10 in Transmutations
  5387 | D        | Killed an electric golem
  5387 | D        | Reached skill level 10 in Necromancy
  5388 | D        | Killed an orb of fire
  5388 | D        | Reached XP level 20. HP: 134/144 MP: 4/51
  5388 | D        | Noticed an ancient lich
  5415 | D        | Killed an ancient lich
  5415 | D        | Reached skill level 15 in Fighting
  5418 | D        | Noticed an orb of fire
  5446 | D        | Noticed a golden dragon
  5453 | D        | Killed an orb of fire
  5453 | D        | Reached skill level 27 in Conjurations
  5453 | D        | Killed a golden dragon
  5453 | D        | Identified Seta Ehu's Grimoire of Mezcal (Sif Muna gifted
                  | it to you in the Dungeon)
  5453 | D        | Received a gift from Sif Muna
  5582 | D        | Received a gift from Sif Muna
  5597 | D        | Received a gift from Sif Muna
  5597 | D        | Reached skill level 15 in Transmutations
  5765 | D        | Learned a level 7 spell: Spellforged Servitor
  5769 | D        | Noticed an ancient lich
  5769 | D        | Noticed an ancient lich
  5771 | D        | Reached skill level 15 in Necromancy
  5773 | D        | Received a gift from Sif Muna
  5778 | D        | Killed an ancient lich
  5779 | D        | Killed an ancient lich
  5779 | D        | Noticed a lich
  5783 | D        | Killed a lich
  5783 | D        | Reached skill level 27 in Fire Magic
  5783 | D        | Noticed an ancient lich
  5787 | D        | Noticed a Brimstone Fiend
  5792 | D        | Killed an ancient lich
  5792 | D        | Reached XP level 21. HP: 160/162 MP: 0/52
  5792 | D        | Noticed an ancient lich
  5808 | D        | Killed an ancient lich
  5808 | D        | Received a gift from Sif Muna
  5882 | D        | Identified Sif Muna's Guide on Sinister Feathers (Sif Muna
                  | gifted it to you in the Dungeon)
  5882 | D        | Received a gift from Sif Muna
  5925 | D        | Reached skill level 27 in Ice Magic
  5970 | D        | Got an elven rune of Zot
  6014 | D        | Noticed the Royal Jelly
  6029 | D        | Killed the Royal Jelly
  6129 | D        | Got a slimy rune of Zot
  6224 | D        | Reached XP level 22. HP: 170/183 MP: 50/53
  6301 | D        | Learned a level 8 spell: Necromutation
  6354 | D        | Noticed a greater mummy
  6358 | D        | Killed a greater mummy
  6391 | D        | Noticed a greater mummy
  6391 | D        | Noticed a greater mummy
  6396 | D        | Killed a greater mummy
  6398 | D        | Noticed a greater mummy
  6401 | D        | Killed a greater mummy
  6405 | D        | Noticed a greater mummy
  6407 | D        | Killed a greater mummy
  6410 | D        | Killed a greater mummy
  6452 | D        | Noticed a greater mummy
  6456 | D        | Killed a greater mummy
  6498 | D        | Got a golden rune of Zot
  6507 | D        | Reached skill level 27 in Fighting
  6523 | D        | Got an abyssal rune of Zot
  6659 | D        | Noticed Geryon
  6668 | D        | Killed Geryon
  6668 | D        | Reached skill level 27 in Necromancy
  6723 | D        | Noticed Ereshkigal
  6723 | D        | Identified the +7 sceptre of Asmodeus
  6723 | D        | Noticed Asmodeus
  6747 | D        | Killed Ereshkigal
  6747 | D        | Reached skill level 10 in Evocations
  6759 | D        | Killed Asmodeus
  6879 | D        | Noticed Antaeus
  6885 | D        | Noticed Gloorx Vloq
  6891 | D        | Noticed Mnoleg
  6910 | D        | Killed Antaeus
  7071 | D        | Killed Gloorx Vloq
  7071 | D        | Reached skill level 5 in Throwing
  7071 | D        | Reached skill level 5 in Summonings
  7071 | D        | Reached XP level 23. HP: 196/197 MP: 8/54
  7162 | D        | Killed Mnoleg
  7162 | D        | Reached skill level 27 in Transmutations
  7162 | D        | Reached skill level 15 in Evocations
  7246 | D        | Got an obsidian rune of Zot
  7250 | D        | Got a bone rune of Zot
  7255 | D        | Learned a level 1 spell: Apportation
  7258 | D        | Got a dark rune of Zot
  7258 | D        | Got a glowing rune of Zot
  7258 | D        | Got an icy rune of Zot
  7259 | D        | Noticed Lom Lobon
  7269 | D        | Killed Lom Lobon
  7269 | D        | Reached skill level 10 in Stealth
  7339 | D        | Identified the +4 staff of Dispater
  7339 | D        | Noticed Dispater
  7378 | D        | Killed Dispater
  7388 | D        | Identified the +6 sword of Cerebov {flame}
  7388 | D        | Noticed Cerebov
  7422 | D        | Killed Cerebov
  7494 | D        | Got a magical rune of Zot
  7504 | D        | Got a fiery rune of Zot
  7504 | D        | Got an iron rune of Zot
  7908 | D        | Learned a level 8 spell: Infestation
  7915 | D        | Got the Orb of Zot
  8245 | D        | Got the amulet "Mibing" {Faith rPois MP+9 Str-4 Int-4}
  8351 | D        | Noticed Sidgh the pandemonium lord
  8354 | D        | Killed Sidgh the pandemonium lord
  8481 | D        | Reached skill level 15 in Stealth
  8935 | D        | Noticed Ket Xaz the pandemonium lord
  8941 | D        | Killed Ket Xaz the pandemonium lord
  9208 | D        | Noticed Gaofasaent the pandemonium lord
  9213 | D        | Killed Gaofasaent the pandemonium lord
  9275 | D        | Noticed Xiafyddo the pandemonium lord
  9282 | D        | Killed Xiafyddo the pandemonium lord
  9483 | D        | Reached XP level 24. HP: 204/204 MP: 41/54
  9621 | D        | Noticed Qomar the pandemonium lord
  9622 | D        | Killed Qomar the pandemonium lord
  9622 | D        | Reached skill level 15 in Summonings
  9702 | D        | Escaped with the Orb!

Levels and vault maps discovered:
D:        linesprint [early_d, line_temple, items_1, d_10, items_2, lair_1,
          lair_end, items_3, orc_1, orc_end, items_4, d_15, swamp_1, shoals_1,
          snake_1, spider_1, d_20, vaults_1, items_5, swamp_end, shoals_end,
          snake_end, spider_end, vaults_end, d_27, items_6, zot_1, zot_end,
          crypt_end, forest_end, elf_end, slime_end, tomb_end, abyss_end,
          pan_hell_end]

Skill      XL: |  1  2  3  4  5  6  7  8  9 10 11 12 13 14 15 16 17 18 19 20 21 22 23 24 |
---------------+-------------------------------------------------------------------------+-----
Fighting       | 2 3 4 5 6 8 9 10 14 19 24 27 | 27.0
Stealth        | 3 6 18 | 18.9
Dodging        | 3 4 6 7 8 10 11 12 13 15 17 20 21 22 24 25 | 25.0
Conjurations   | 2 3 4 6 7 9 11 13 15 16 19 22 24 26 27 | 27.0
Air Magic      | 4 6 8 9 11 12 | 12.8
Spellcasting   | 4 5 8 9 11 12 15 16 19 20 21 23 27 | 27.0
Invocations    | 2 3 4 6 9 10 16 | 16.0
Evocations     | 2 3 7 14 24 25 | 25.0
Summonings     | 3 4 5 14 15 | 15.3
Throwing       | 4 5 14 | 14.7
Ice Magic      | 4 7 10 14 17 20 21 23 25 27 | 27.0
Fire Magic     | 3 4 6 11 15 21 24 27 | 27.0
Charms         | 2 |  2.3
Necromancy     | 4 6 10 16 22 27 | 27.0
Earth Magic    | 1 5 |  5.0
Translocations | 3 |  3.1
Shields        | 4 12 16 19 20 21 23 | 23.9
Transmutations | 4 6 11 17 23 26 27 | 27.0

Action                   |  1- 3 |  4- 6 |  7- 9 | 10-12 | 13-15 | 16-18 | 19-21 | 22-24 || total
-------------------------+-------+-------+-------+-------+-------+-------+-------+-------++-------
Melee: Unarmed           |     2 |       |       |       |       |       |       |       ||     2
       Tentacles         |     2 |     1 |     1 |     1 |     3 |     1 |       |     6 ||    15
       Short sword       |     6 |       |       |       |       |       |       |       ||     6
       Constrict         |     2 |     1 |     1 |     6 |     4 |     2 |     1 |     4 ||    21
       Rapier            |       |    17 |       |    12 |    21 |     2 |       |       ||    52
       Broad axe         |       |       |       |       |     1 |     2 |     3 |    18 ||    24
       Demon blade       |       |       |       |       |       |       |       |     2 ||     2
Throw: Javelin           |       |       |       |       |       |       |    11 |       ||    11
       Dart              |       |       |       |       |       |       |     2 |     2 ||     4
 Cast: Shock             |    11 |     5 |       |     6 |     6 |       |       |       ||    28
       Lightning Bolt    |       |       |    12 |    56 |    55 |    71 |    11 |     2 ||   207
       Summon Lightning  |       |       |       |     9 |     7 |    11 |     2 |       ||    29
       Mephitic Cloud    |       |       |       |    13 |    22 |    13 |     2 |       ||    50
       Airstrike         |       |       |       |    28 |    31 |     8 |     8 |     4 ||    79
       Summon Butterflie |       |       |       |     1 |       |       |       |       ||     1
       Regeneration      |       |       |       |       |    27 |    18 |    16 |     9 ||    70
       Bolt of Cold      |       |       |       |       |    48 |    21 |       |       ||    69
       Bolt of Fire      |       |       |       |       |    14 |    55 |    33 |    41 ||   143
       Borgnjor's Vile C |       |       |       |       |     3 |     2 |     2 |     1 ||     8
       Glaciate          |       |       |       |       |     2 |     9 |    21 |    54 ||    86
       Fire Storm        |       |       |       |       |     2 |     7 |    35 |    84 ||   128
       Irradiate         |       |       |       |       |       |     1 |     2 |     3 ||     6
       Conjure Flame     |       |       |       |       |       |     1 |       |       ||     1
       Blink             |       |       |       |       |       |     3 |     3 |    60 ||    66
       Spellforged Servi |       |       |       |       |       |       |     2 |    22 ||    24
       Necromutation     |       |       |       |       |       |       |       |    35 ||    35
       Controlled Blink  |       |       |       |       |       |       |       |     3 ||     3
       Apportation       |       |       |       |       |       |       |       |     7 ||     7
Invok: Channel Magic     |       |       |     2 |    12 |    18 |    16 |    19 |    21 ||    88
       Divine Exegesis   |       |       |       |       |     4 |     5 |       |     3 ||    12
       Forget Spell      |       |       |       |       |       |       |     1 |     4 ||     5
 Abil: End Transformatio |       |       |       |       |       |       |       |     4 ||     4
Evoke: Staff of energy   |       |     3 |       |    54 |   183 |   171 |    72 |   270 ||   753
       Wand              |       |     1 |     1 |     1 |     7 |       |       |       ||    10
       Lamp of fire      |       |       |       |       |     9 |    11 |     5 |     4 ||    29
       Sceptre of Asmode |       |       |       |       |       |       |       |     1 ||     1
  Use: Potion            |       |     1 |       |       |       |     2 |     1 |     4 ||     8
       Scroll            |       |       |       |     4 |     5 |     1 |     4 |       ||    14
 Stab: Invisible         |       |     5 |       |       |       |       |       |       ||     5
       Sleeping          |       |     2 |       |       |       |       |       |       ||     2
       Confused          |       |       |       |       |     5 |       |       |       ||     5
  Eat: Chunk             |       |       |     3 |    17 |    22 |    33 |    36 |     5 ||   116
       Ration            |       |       |       |       |     1 |     2 |     2 |     1 ||     6
Armor: Skin              |       |       |     1 |       |     3 |     3 |     1 |     1 ||     9
Dodge: Dodged            |     9 |    16 |    16 |    17 |    82 |    75 |    29 |    13 ||   257
Block: Large shield      |       |       |       |       |       |       |    30 |    16 ||    46
       Reflection        |       |       |       |       |       |       |       |     1 ||     1
       Rpst.: Scimitar   |       |       |     1 |       |       |       |       |       ||     1

Table legend:
 A = Non-vault XP
 B = Vault XP
 C = Vault XP percentage of total XP
 D = Non-vault monster count
 E = Vault monster count
 F = Vault count percentage of total count
                 A         B        C        D         E       F
            +---------+---------+-------+---------+---------+-------
      Total |      38 |  772643 | 100.0 |      10 |     521 |  98.1
            +---------+---------+-------+---------+---------+-------
          D |      38 |  772643 | 100.0 |      10 |     521 |  98.1
            +---------+---------+-------+---------+---------+-------
